 Dungeon Crawl Stone Soup version 0.30.0-7-g0c4daa9e05 (webtiles) character file.

Game seed: 117900444672667685

123 Annannith the Covered (level 4, 0/40 HPs)
             Began as an Armataur Fighter on May 13, 2023.
             Succumbed to a scorpion's poison
             ... on level 4 of the Dungeon.
             The game lasted 00:09:27 (2388 turns).

Annannith the Covered (Armataur Fighter)            Turns: 2388, Time: 00:09:28

Health: 0/40       AC: 19    Str: 23    XL:     4   Next: 80%
Magic:  4/4        EV:  6    Int:  9    God:
Gold:   135        SH:  4    Dex:  9    Spells: 3/3 levels left

rFire   . . .        t - +0 flail (protect)
rCold   . . .        c - +0 buckler
rNeg    . . .        r - +0 chain mail
rPois   .            (no helmet)
rElec   .            (no cloak)
rCorr   .            (no gloves)
SInv    .            (no barding)
Will    .....        (no amulet) Stlth
                     h - +4 ring of protection
HPRegen 0.26/turn    (no ring)
MPRegen 0.09/turn

%: roll
@: lethally poisoned (0 -> -10), under a protective aura
A: large, rugged brown scales 3, deformed body, armoured tail, roll, long
tongue, awkward tongue
a: no special abilities


You were on level 4 of the Dungeon.
You visited 1 branch of the dungeon, and saw 4 of its levels.

You collected 135 gold pieces.

Inventory:

Hand Weapons
 t - a +0 flail of protection (weapon)
Armour
 b - a +0 scale mail
 c - a +0 buckler (worn)
 r - a +0 chain mail (worn)
 w - a +0 plate armour
Jewellery
 h - a +4 ring of protection (left hand)
Wands
 u - a wand of polymorph (3)
Scrolls
 a - a scroll of enchant weapon {unknown}
 f - 2 scrolls of magic mapping {unknown}
 g - a scroll of amnesia {unknown}
 j - 5 scrolls of teleportation {unknown}
 k - 3 scrolls of identify {unknown}
 l - a scroll of immolation {unknown}
 n - 4 scrolls of fog {unknown}
 s - a scroll of butterflies {unknown}
Potions
 d - 2 potions of might
 e - 2 potions of lignification {unknown}
 i - a potion of ambrosia {unknown}
 m - a potion of mutation {unknown}
 o - a potion of curing {unknown}
 p - a potion of heal wounds {unknown}
 q - 2 potions of degeneration {unknown}
 v - 2 potions of flight {unknown}


   Skills:
 + Level 3.1 Fighting
 + Level 2.9 Maces & Flails
 + Level 4.7 Armour
 + Level 1.0 Dodging
 + Level 3.6 Shields


You had 3 spell levels left.
You didn't know any spells.
Your spell library contained the following spells:

 Spells                   Type           Power      Damage    Failure   Level
 Blink                    Tloc           0%         N/A       99%         2
 Lesser Beckoning         Tloc           0%         N/A       99%         2
 Momentum Strike          Conj/Tloc      0%         3d8       99%         2
 Call Canine Familiar     Summ           0%         N/A       100%        3
 Portal Projectile        Hex/Tloc       0%         N/A       100%        3
 Leda's Liquefaction      Hex/Erth       0%         N/A       100%        4


Dungeon Overview and Level Annotations

Branches:
Dungeon (4/15)
 Temple: D:4-7

Altars:


Innate Abilities, Weirdness & Mutations

You are completely covered in rugged brown scales. (AC +3, +7% HP)
Armour fits poorly on your strangely shaped body.
You have a long armoured tail.
You roll when moving toward enemies. (Rampage)
Your long tongue fully drains potion bottles. (2x potion effects)
Your tongue gives you trouble enunciating. (1.5x scroll delay)


Message History

Your weapon exudes an aura of protection.
You feel sick.
You are no longer poisoned.
The scorpion stings you but does no damage.
You closely miss the scorpion. The scorpion stings you.
You are poisoned.
The scorpion poisons you!
The scorpion stings you but does no damage.
You hit the scorpion.
The scorpion is lightly wounded.
You feel very sick.
The scorpion stings you but does no damage.
You hit the scorpion.
The scorpion is moderately wounded.
You feel sick. The scorpion barely misses you.
The scorpion stings you but does no damage.
You closely miss the scorpion.
The scorpion is moderately wounded.
You feel sick.
The scorpion stings you but does no damage.
You barely miss the scorpion.
The scorpion is moderately wounded.
You feel sick.
The scorpion stings you but does no damage.
The scorpion barely misses you.
You closely miss the scorpion.
The scorpion is moderately wounded.
You feel sick. The scorpion stings you.
* * * LOW HITPOINT WARNING * * *
You are lethally poisoned!
The scorpion poisons you!
You closely miss the scorpion.
The scorpion is moderately wounded.
* * * LOW HITPOINT WARNING * * *
You feel very sick.
The scorpion stings you but does no damage. x2
You hit the scorpion.
Your weapon exudes an aura of protection.
The scorpion is severely wounded.
You die...

####... ....... ####
#........ #...
.#..#####. +...#####....
####.
#...........###....
#.##....#.# ....... ##
#..#......##.....<. ..
#@#.........####.. ####.
#s#.........# #..
......#.#.........# #..
......#..###.####.# #..
..........##(####.# #..
###........#.#....####..
#.....................)
#.....?..#..#....#.....
..........#.......#.....


You could see a scorpion.

Vanquished Creatures
  3 adders
  4 worms
  A dart slug (D:2)
  8 orcs
  5 endoplasms
  5 goblins
  6 hobgoblins
  3 jackals (D:2)
  11 kobolds
  4 quokkas
  5 ball pythons
  6 bats
  5 frilled lizards
  3 rats
69 creatures vanquished.

Notes
Turn   | Place    | Note
-------+----------+-------------------------------------------
     0 | D:1      | Annannith the Armataur Fighter began the quest for the Orb.
     0 | D:1      | Reached XP level 1. HP: 19/19 MP: 1/1
   239 | D:1      | Reached XP level 2. HP: 26/26 MP: 2/2
   503 | D:1      | Found a faded altar of an unknown god.
   735 | D:2      | Reached skill level 4 in Armour
   785 | D:2      | Reached XP level 3. HP: 33/33 MP: 3/3
  1540 | D:2      | Reached XP level 4. HP: 40/40 MP: 4/4
  1892 | D:3      | Reached skill level 1 in Dodging
  2365 | D:4      | Noticed a scorpion
  2387 | D:4      | HP: 2/40 [poisoned by a scorpion]
  2388 | D:4      | Succumbed to a scorpion's poison

Illustrated notes

Levels and vault maps discovered:
D:1:      psy_arrival_basics, layout_loops_ring, basic_ecumenical_altar
D:2:      layout_basic, kennysheep_generic_room_11
D:3:      layout_basic, kennysheep_boxes
D:4:      layout_basic, mainiacjoe_overflow_swirl

Skill      XL: |  1  2  3  4 |
---------------+-------------+-----
Fighting       | 3 |  3.1
Maces & Flails | 2 |  2.9
Armour         | 4 |  4.7
Dodging        | 1 |  1.0
Shields        | |  3.6

Action                     |  1- 3 |  4- 6 || total
---------------------------+-------+-------++-------
  Melee: Flail             |   155 |    84 ||   239
         Tailslap          |    12 |     7 ||    19
 Armour: Scale mail        |   110 |    36 ||   146
         Chain mail        |       |    14 ||    14
  Dodge: Dodged            |    77 |    28 ||   105
  Block: Buckler           |    22 |    16 ||    38
